 Dungeon Crawl Stone Soup version 0.20-a0-616-gad7b6bd (webtiles) character file.

59 AlphabetPasta the Conjurer (level 3, -4/16 HPs)
             Began as a Spriggan Conjurer on Feb 9, 2017.
             Slain by a hobgoblin
             ... wielding a +0 club
              (5 damage)
             ... on level 3 of the Dungeon.
             The game lasted 00:09:54 (2921 turns).

AlphabetPasta the Conjurer (Spriggan Conjurer)      Turns: 2921, Time: 00:09:55

Health: -4/16      AC:  2    Str:  1 (4)  XL:     3   Next: 78%
Magic:  0/8        EV: 18    Int: 16 (17) God:
Gold:   98         SH:  0    Dex: 15 (16) Spells: 2/8 levels left

rFire    . . .     SeeInvis +   e - +0 short sword
rCold    . . .     Gourm    .   a - +0 robe
rNeg     . . .     Faith    .   (shield restricted)
rPois    .         Spirit   .   (helmet restricted)
rElec    .         Reflect  .   (no cloak)
rCorr    .         Harm     .   (gloves unavailable)
MR       .....                  (boots unavailable)
Stlth    ++........             (no amulet)
Regen    0.1/turn               (no ring)
                                (no ring)

@: very slightly contaminated, very quick
A: unfitting armour, see invisible, herbivore 3, speed 3, slow metabolism 2
a: no special abilities


You were on level 3 of the Dungeon.
You were not hungry.

You visited 1 branch of the dungeon, and saw 3 of its levels.

You collected 98 gold pieces.

Inventory:

Hand Weapons
 e - a +0 short sword (weapon)
Armour
 a - a +0 robe (worn)
 j - a +1 buckler
Potions
 g - a potion of cure mutation
 l - a potion of brilliance {unknown}
 m - a potion of agility {unknown}
Books
 b - a book of Conjurations

   Spells                             Type                      Level
   a - Magic Dart                     Conjuration                  1
   b - Searing Ray                    Conjuration                  2
   c - Dazzling Spray                 Conjuration/Hexes            3
   d - Fulminant Prism                Conjuration/Hexes            4
   e - Force Lance                    Conjuration/Translocation    4
   f - Iskenderun's Mystic Blast      Conjuration                  4
Comestibles
 c - 2 bread rations
 h - a royal jelly


   Skills:
 - Level 3.0 Dodging
 - Level 3.0 Stealth
 + Level 0.3 Shields
 + Level 3.4 Spellcasting
 * Level 3.8 Conjurations


You had 2 spell levels left.
You knew the following spells:

 Your Spells              Type           Power        Failure   Level  Hunger
a - Magic Dart            Conj           ##..         4%          1    None
b - Searing Ray           Conj           ##....       8%          2    ##.....
c - Dazzling Spray        Conj/Hex       #.....       28%         3    ###....


Dungeon Overview and Level Annotations

Branches:
Dungeon (3/15)

Altars:

Annotations:
D:3 Grinder


Innate Abilities, Weirdness & Mutations

You are very small and have problems with some larger weapons.
You are too small for most types of armour.
You have supernaturally acute eyesight. (SInv)
You are a herbivore.
You cover ground extremely quickly.
You need consume almost no food.


Message History

The orc hits you with a dagger.
* * * LOW HITPOINT WARNING * * *
Casting: Magic Dart
Confirm with . or Enter, or press ? or * to list all spells.
Aiming: Magic Dart
Press: ? - help, Shift-Dir - straight line, f/p - orc
Aim: an orc, wielding a dagger and wearing a ring mail (almost dead)
The magic dart hits the orc.
The orc is almost dead.
The hobgoblin hits you but does no damage.
The orc barely misses you.
Casting: Magic Dart
Confirm with . or Enter, or press ? or * to list all spells.
Aiming: Magic Dart
Press: ? - help, Shift-Dir - straight line, f/p - orc
Aim: an orc, wielding a dagger and wearing a ring mail (almost dead)
The magic dart hits the orc.
The orc is almost dead.
The hobgoblin hits you with a club.
You die...

##. ..##
#...
###...#####
#...)(....#
#.........#
#......g..#
#.....o@..#
#.........#
#.(.......#
#.........#
#.........#
#######..$.
######


You could see an orc and a hobgoblin.

Vanquished Creatures
  2 oozes
  A dart slug (D:1)
  A leopard gecko (D:1)
  A giant cockroach (D:1)
  5 goblins
  6 hobgoblins
  6 jackals
  A ball python (D:1)
  5 bats
  A frilled lizard (D:1)
  10 kobolds
  6 rats
45 creatures vanquished.

Notes
Turn   | Place    | Note
-------+----------+-------------------------------------------
     0 | D:1      | AlphabetPasta the Spriggan Conjurer began the quest for the Orb.
     0 | D:1      | Reached XP level 1. HP: 9/9 MP: 5/5
   524 | D:1      | Reached XP level 2. HP: 2/13 MP: 2/7
   530 | D:1      | Learned a level 2 spell: Searing Ray
  1303 | D:1      | Reached XP level 3. HP: 16/16 MP: 4/8
  1308 | D:1      | Learned a level 3 spell: Dazzling Spray
  2485 | D:3      | Noticed Grinder
  2504 | D:3      | Paralysed by Grinder for 3 turns
  2706 | D:3      | Paralysed by Grinder for 4 turns
  2921 | D:3      | Slain by a hobgoblin

Vault maps used:
D:1:      tarquinn_simple_flora_water_d
D:3:      serial_glass, glass_columns_a, glass_columns_c, fedhas_altar_3,
          uniq_terence, uniq_grinder

Skill      XL: |  1 |
---------------+----+-----
Conjurations   | 3 |  3.8
Spellcasting   | 3 |  3.4
Dodging        | |  3.0
Stealth        | |  3.0
Shields        | |  0.3

Action                   || total
-------------------------++-------
Melee: Short sword       ||    23
 Cast: Magic Dart        ||   105
       Dazzling Spray    ||     3
       Searing Ray       ||     3
  Use: Scroll            ||     7
       Potion            ||     4
 Stab: Sleeping          ||     4
       Invisible         ||     1
Armor: Robe              ||     5
Dodge: Dodged            ||    43
